AoeStats
← Barón de la Cerveza

Arabia

509737592Analyzed
1v1 RM · 4d ago on Sep 27, 2026· 45m 44s· 2 players
Game mode
Random Map
Map size
Tiny (2 player)
Population
200
Speed
Normal
Resources
Standard
Victory
Conquest
Starting age
Dark Age
Ending age
Imperial Age
RankedLock teamsTeams togetherTeam positionsShared explorationLock speedFull tech treeHidden civsTurbo modeCheats
Victory
Defeat
🇲🇽 Danes · Mexico
1852
+7
🇦🇷 Persians · Argentina
1619
-7
Barón de la Cerveza
6:37 Loom
8:44 Feudal Age
9:43 Double-Bit Axe
14:09 Horse Collar
20:45 Castle Age
21:00 Fletching
21:22 Bloodlines
21:56 Bow Saw
21:53 Bodkin Arrow
22:33 Padded Archer Armor
26:03 Ballistics
27:48 Husbandry
30:05 Stone Mining
33:01 Wheelbarrow
35:48 Imperial Age
33:34 Town Watch
33:40 Gambesons
33:56 Squires
34:09 Scale Mail Armor
34:54 Hand Cart
35:31 Chain Mail Armor
35:57 Capped Ram
36:25 Elite Varangian Guard
37:50 Scale Barding Armor
38:18 Plate Mail Armor
37:59 Heavy Plow
39:29 Forging
40:56 Conscription
42:02 Iron Casting
45:42 Thumb Ring
45:40 Heavy Mounted Crossbowman
dean_moriarty
6:03 Loom
8:48 Feudal Age
9:12 Double-Bit Axe
9:43 Horse Collar
20:57 Castle Age
20:04 Gold Mining
21:14 Padded Archer Armor
21:05 Fletching
20:48 Crossbowman
22:11 Bow Saw
22:27 Bodkin Arrow
24:03 Leather Archer Armor
25:34 Ballistics
26:33 Wheelbarrow
38:55 Imperial Age
36:42 Scale Barding Armor
37:12 Hand Cart
37:11 Heavy Plow
37:07 Town Watch
37:44 Bloodlines
37:35 Husbandry
39:10 Chain Barding Armor
39:01 Forging
38:45 Cavalier
42:08 Plate Barding Armor
Connection lost

Rejoining the realm…

Still unreachable

The connection could not be restored.

Session expired

The server has moved on; the page needs a fresh start.